 Dungeon Crawl Stone Soup version 0.23.2-1-ga50397a (webtiles) character file.

Game seed: 17391155080883313477

464 wilfster70 the Gusty (level 6, -1/45 HPs)
             Began as a Draconian Air Elementalist on May 16, 2019.
             Was a Follower of Okawaru.
             Slain by an ogre
             ... wielding a +0 giant club
              (17 damage)
             ... on level 5 of the Dungeon.
             The game lasted 00:16:41 (4764 turns).

wilfster70 the Gusty (Draconian Air Elementalist)   Turns: 4764, Time: 00:16:41

Health: -1/45      AC:  7    Str: 10    XL:     6   Next: 80%
Magic:  4/11       EV: 12    Int: 17    God:    Okawaru [*.....]
Gold:   256        SH:  0    Dex: 12    Spells: 5/12 levels left

rFire    . . .     SeeInvis .   a - +0 short sword
rCold    . . .     Gourm    .   (no shield)
rNeg     . . .     Faith    .   (armour unavailable)
rPois    .         Spirit   .   p - +1 hat
rElec    .         Reflect  .   (no cloak)
rCorr    .         Harm     .   (no gloves)
MR       +....                  (no boots)
Stlth    ++........             (no amulet)
HPRegen  0.15/turn              h - ring of protection from magic
MPRegen  0.12/turn              t - ring of wizardry

@: no status effects
A: unfitting armour, cold-blooded, AC +6
a: Heroism, Renounce Religion


You were on level 5 of the Dungeon.
You worshipped Okawaru.
Okawaru was aware of your devotion.
You were not hungry.

You visited 1 branch of the dungeon, and saw 5 of its levels.

You collected 256 gold pieces.

Inventory:

Hand Weapons
 a - a +0 short sword (weapon)
 b - a +1 hunting sling
Missiles
 k - 215 stones (quivered)
 m - 130 sling bullets
 n - 11 poisoned needles
Armour
 p - a +1 hat (worn)
Jewellery
 h - a ring of protection from magic (left hand)
 r - an uncursed ring of magical power
 t - a ring of wizardry (right hand)
Scrolls
 c - a scroll of amnesia
 f - a scroll of remove curse
 o - a scroll of teleportation
 q - 3 scrolls of immolation {unknown}
Potions
 e - a potion of haste
 g - a potion of magic
 i - a potion of cancellation {unknown}
 j - 2 potions of flight
 l - 2 potions of heal wounds
 s - a potion of resistance {unknown}
 v - a potion of agility
Comestibles
 d - 3 chunks of flesh
 u - 10 rations


   Skills:
 - Level 1.7 Dodging
 - Level 1.7 Stealth
 + Level 3.9 Spellcasting
 + Level 3.8 Conjurations
 + Level 4.9 Air Magic
 + Level 2.3 Invocations


You had 5 spell levels left.
You knew the following spells:

 Your Spells              Type           Power        Failure   Level  Hunger
a - Shock                 Conj/Air       ###.         1%          1    None
b - Airstrike             Air            ###.......   9%          4    ####...
g - Swiftness             Chrm/Air       ##......     3%          2    ##.....

Your spell library contained the following spells:

 Spells                   Type           Power        Failure   Level  Hunger
 Static Discharge         Conj/Air       ###.....     3%          3    ###....
 Lightning Bolt           Conj/Air       ###.......   28%         5    ######.


Dungeon Overview and Level Annotations

Branches:
Dungeon (5/15)
 Temple: D:4-7

Altars:
Gozag
Okawaru
Qazlal
Wu Jian

Annotations:
D:4 Dowan, Duvessa, Eustachio


Innate Abilities, Weirdness & Mutations

Your plain brown scales are hard. (AC +6)
You cannot fit into any form of body armour.
You are cold-blooded and may be slowed by cold attacks.


Message History

You hit the ogre but do no damage.
Your tail-slap misses the ogre.
The ogre is severely wounded.
The ogre hits you with a +0 giant club!
Casting: Shock (safe; 1% risk of failure)
Confirm with . or Enter, or press ? or * to list all spells.
Aiming: Shock (safe; 1% risk of failure)
Press: ? - help, Shift-Dir - straight line, f/p - ogre
Aim: an ogre, wielding a +0 giant club (severely wounded)
The zap hits the ogre.
The ogre is almost dead.
Casting: Shock (safe; 1% risk of failure)
Confirm with . or Enter, or press ? or * to list all spells.
Aiming: Shock (safe; 1% risk of failure)
Press: ? - help, Shift-Dir - straight line, f/p - ogre
Aim: an ogre, wielding a +0 giant club (almost dead)
The zap hits the ogre.
The ogre is almost dead.
The ogre hits you with a +0 giant club! The ogre hits you with a +0 giant club!
You die...

#.#. #.#
###.#.###.####
.....P.......#
.............#
##.#8...##### #
#P...#
####.#..###
..........#####
####....@.....#
####.#O#####
#.#.# #.>.#
....# ....#
##...# #...#


You could see an ogre.

Vanquished Creatures
  A scorpion (D:4)
  A crimson imp (D:3)
  A centaur skeleton (D:5)
  2 orc priests (D:4)
  A hound (D:4)
  A bullfrog skeleton (D:4)
  An orc wizard (D:3)
  A worker ant (D:4)
  3 gnolls
  6 adders
  An ooze (D:1)
  3 worms
  2 dart slugs (D:3)
  6 leopard geckos
  7 orcs
  5 giant cockroaches
  4 goblins
  6 hobgoblins
  4 jackals
  8 kobolds
  2 quokkas
  8 bats
  6 frilled lizards
  A leopard gecko skeleton (D:4)
  A leopard gecko zombie (D:5)
  A quokka skeleton (D:4)
  8 rats
91 creatures vanquished.

Notes
Turn   | Place    | Note
-------+----------+-------------------------------------------
     0 | D:1      | wilfster70 the Draconian Air Elementalist began the quest
                  | for the Orb.
     0 | D:1      | Reached XP level 1. HP: 14/14 MP: 3/3
   197 | D:1      | Reached XP level 2. HP: 20/20 MP: 5/5
   221 | D:1      | Learned a level 2 spell: Swiftness
   763 | D:1      | Reached XP level 3. HP: 26/26 MP: 6/6
   934 | D:2      | Found a faded altar of an unknown god.
  1849 | D:2      | Reached XP level 4. HP: 33/33 MP: 8/8
  2058 | D:2      | Learned a level 4 spell: Airstrike
  2197 | D:3      | Found an iron altar of Okawaru.
  2229 | D:3      | Became a worshipper of Warmaster Okawaru
  2268 | D:3      | Reached skill level 4 in Air Magic
  2550 | D:3      | Reached XP level 5. HP: 31/38 MP: 9/9
  3409 | D:4      | Reached skill level 1 in Invocations
  3463 | D:4      | Reached XP level 6. HP: 10/45 MP: 3/11
  3829 | D:4      | Found an ornate altar of the Wu Jian Council.
  3829 | D:4      | Found a stormy altar of Qazlal.
  3853 | D:4      | Noticed Eustachio
  4036 | D:4      | Noticed Duvessa
  4036 | D:4      | Noticed Dowan
  4058 | D:4      | Reached * piety under Okawaru
  4589 | D:5      | Entered Level 5 of the Dungeon
  4649 | D:5      | Found an opulent altar of Gozag.
  4764 | D:5      | Slain by an ogre

Skill      XL: |  1  2  3  4  5  6 |
---------------+-------------------+-----
Conjurations   | 2 3 |  3.8
Spellcasting   | 3 |  3.9
Air Magic      | 4 |  4.9
Invocations    | 1 2 |  2.3
Dodging        | |  1.7
Stealth        | |  1.7

Action                   |  1- 3 |  4- 6 || total
-------------------------+-------+-------++-------
Melee: Unarmed           |     1 |       ||     1
       Short sword       |       |    45 ||    45
       Tailslap          |       |     1 ||     1
 Cast: Shock             |    79 |   145 ||   224
       Swiftness         |       |     3 ||     3
  Use: Scroll            |       |    15 ||    15
       Potion            |       |     2 ||     2
 Stab: Sleeping          |       |     2 ||     2
  Eat: Chunk             |     4 |     6 ||    10
       Ration            |       |     1 ||     1
Armor: Skin              |    14 |    41 ||    55
Dodge: Dodged            |    36 |   108 ||   144
